 Dungeon Crawl Stone Soup version 0.18-a0-912-g81d1dc4 (webtiles) character file.

842 sugabear the Ducker (level 8, 0/40 HPs)
             Began as a Vine Stalker Gladiator on Dec 25, 2015.
             Was an Initiate of Kikubaaqudgha.
             Slain by a sky beast (3 damage)
             ... on level 6 of the Dungeon.
             The game lasted 00:09:31 (4786 turns).

sugabear the Ducker (Vine Stalker Gladiator)        Turns: 4786, Time: 00:09:31

Health: 0/40       AC:  4    Str: 19    XL:     8   Next: 0%
Magic:  0/9        EV: 14    Int:  8    God:    Kikubaaqudgha [......]
Gold:   249        SH:  0    Dex: 16    Spells: 0 memorised, 7 levels left

rFire  . . .     SeeInvis .     a - +0 flail
rCold  . . .     Gourm    .     b - +0 leather armour
rNeg   . . .     Faith    .     (no shield)
rPois  .         Spirit   +     c - +0 helmet
rElec  .         Dismiss  .     (no cloak)
rCorr  .         Reflect  .     (no gloves)
SustAt .         Harm     .     (no boots)
MR     +....                    (no amulet)
Stlth  ++........               (no ring)
                                (no ring)

@: somewhat resistant to hostile enchantments, unstealthy
A: fangs 3, regeneration 2, magic shield, antimagic bite, no device heal 3, rot
immunity
a: Renounce Religion


You were on level 6 of the Dungeon.
You worshipped Kikubaaqudgha.
Kikubaaqudgha was noncommittal.
You were not hungry.

You visited 1 branch of the dungeon, and saw 6 of its levels.

You collected 249 gold pieces.

Inventory:

Hand Weapons
 a - a +0 flail (weapon)
Missiles
 d - 2 throwing nets (quivered)
 h - 11 tomahawks
Armour
 b - a +0 leather armour (worn)
 c - a +0 helmet (worn)
Jewellery
 A - a cursed ring of loudness {unknown}
 G - a +2 amulet of reflection {unknown}
Wands
 p - a wand of digging (13/24)
Scrolls
 i - a scroll of random uselessness {unknown}
 k - 2 scrolls of teleportation {unknown}
 l - 2 scrolls of blinking {unknown}
 m - a scroll of fear {unknown}
 n - 3 scrolls of enchant armour {unknown}
 o - 4 scrolls of identify {unknown}
 z - a scroll of remove curse {unknown}
 B - 2 scrolls of amnesia {unknown}
 F - a scroll of enchant weapon {unknown}
Potions
 e - 2 potions of heal wounds {unknown}
 g - 3 potions of curing {unknown}
 j - 4 potions of lignification {unknown}
 q - 3 potions of brilliance {unknown}
 r - a potion of poison {unknown}
 s - a potion of invisibility {unknown}
 t - a potion of haste {unknown}
 w - a potion of mutation {unknown}
 x - 2 potions of might {unknown}
 C - a potion of cancellation {unknown}
 E - a potion of ambrosia {unknown}
 H - a potion of flight {unknown}
Books
 y - a book of Cantrips

   Spells                             Type                      Level
   a - Corona                         Hexes                        1
   b - Animate Skeleton               Necromancy                   1
   c - Summon Small Mammal            Summoning                    1
   d - Apportation                    Translocation                1
 D - a book of the Warp

   Spells                             Type                      Level
   a - Recall                         Summoning/Translocation      3
   b - Gell's Gravitas                Hexes/Translocation          3
   c - Force Lance                    Conjuration/Translocation    4
   d - Phase Shift                    Translocation                5
   e - Warp Weapon                    Charms/Translocation         5
   f - Summon Forest                  Summoning/Translocation      5
Comestibles
 f - 4 bread rations
 u - a beef jerky
 v - a meat ration


   Skills:
 + Level 3.2 Fighting
 + Level 3.9 Maces & Flails
 + Level 2.5 Throwing
 + Level 2.8 Armour
 + Level 4.6 Dodging
 + Level 1.8 Stealth
 * Level 3.1 Necromancy


You had 7 spell levels left.
You didn't know any spells.

Dungeon Overview and Level Annotations

Branches:
Dungeon (6/15)
 Temple: D:4-7

Altars:
Ashenzari
Dithmenos
Kikubaaqudgha
Makhleb
Okawaru
Qazlal
Ru
Vehumet

Shops:
D:4 [


Innate Abilities, Weirdness & Mutations

You have razor-sharp teeth.
You heal very quickly.
When hurt, damage is shared between your health and your magic reserves.
Your bite disrupts and absorbs the magic of your enemies.
Potions and wands cannot restore your health.
You are immune to rotting.


Message History

The sentinel's mark upon you fades away.
A sky beast appears from thin air!
Reactivating autopickup.
The sky beast misses you.
You barely miss the sky beast.
The sky beast is severely wounded.
The sky beast misses you. x2
You closely miss the sky beast. Your bite misses the sky beast.
The sky beast is severely wounded.
The sky beast flickers out of sight!
Deactivating autopickup; reactivate with Ctrl-A.
Something hits you.
* * * LOW HITPOINT WARNING * * *
Something shocks you.
* * * LOW HITPOINT WARNING * * *
You miss something. You bite something. Something hits you.
* * * LOW HITPOINT WARNING * * *
Something shocks you.
You die...
Kikubaaqudgha rasps: "You have failed me!
Welcome... death!"

#........
###.......#
#########....#
#........(...#
##.######....#
#.# #..<.# #.#
#....# #{#
##.### #@# #.#
### #.# #.#
#.# #.# #.


There were no monsters in sight!

Vanquished Creatures
  The ghost of sugabear the Cudgeler, an amateur VSGl of Kikubaaqudgha (D:4)
  A phantom (D:5)
  A sky beast (D:5)
  An ogre (D:4)
  A crimson imp (D:5)
  2 hounds (D:5)
  A giant frog skeleton (D:5)
  An iguana (D:5)
  Ijyb (D:2)
  9 adders
  4 gnolls (D:5)
  2 shadow imps
  2 oozes
  3 worms
  2 giant geckos
  10 orcs
  A ball python (D:3)
  4 giant cockroaches
  7 hobgoblins
  2 quokkas
  15 bats
  A giant gecko skeleton (D:4)
  3 giant newts
  8 goblins
  A jackal skeleton (D:5)
  2 kobolds
  13 rats
99 creatures vanquished.

Vanquished Creatures (others)
  A giant cockroach (D:5)
1 creature vanquished.

Grand Total: 100 creatures vanquished

Notes
Turn   | Place    | Note
--------------------------------------------------------------
     0 | D:1      | sugabear the Vine Stalker Gladiator began the quest for the Orb.
     0 | D:1      | Reached XP level 1. HP: 11/11 MP: 2/2
   273 | D:1      | Reached XP level 2. HP: 8/15 MP: 3/3
   440 | D:1      | Found a shattered altar of Ashenzari.
   760 | D:2      | Reached skill level 3 in Maces & Flails
   760 | D:2      | Reached XP level 3. HP: 16/18 MP: 2/4
   900 | D:2      | Found a shadowy altar of Dithmenos.
   901 | D:2      | Found a burning altar of Makhleb.
   923 | D:2      | Found an ancient bone altar of Kikubaaqudgha.
  1057 | D:2      | Noticed Ijyb
  1069 | D:2      | Killed Ijyb
  1069 | D:2      | Reached skill level 1 in Armour
  1069 | D:2      | Reached XP level 4. HP: 16/23 MP: 5/5
  1091 | D:2      | Found an iron altar of Okawaru.
  1704 | D:2      | Found a stormy altar of Qazlal.
  1704 | D:2      | Found a sacrificial altar of Ru.
  1715 | D:2      | Became a worshipper of Kikubaaqudgha
  1813 | D:3      | Reached XP level 5. HP: 27/27 MP: 6/6
  2055 | D:4      | Noticed sugabear's ghost (amateur VSGl)
  2093 | D:4      | Noticed an ogre
  2104 | D:4      | HP: 1/27 [ogre/giant club (14)]
  2112 | D:4      | Killed an ogre
  2112 | D:4      | Reached skill level 1 in Stealth
  2112 | D:4      | Reached skill level 1 in Necromancy
  2579 | D:4      | Found a radiant altar of Vehumet.
  2590 | D:4      | Found Jeimyar's Antique Armour Shop.
  2747 | D:4      | Found a burning altar of Makhleb.
  2756 | D:4      | Gained mutation: You heal very quickly. [Vine Stalker growth]
  2756 | D:4      | Reached XP level 6. HP: 24/32 MP: 4/7
  3039 | D:4      | Killed sugabear's ghost
  3133 | D:5      | Entered Level 5 of the Dungeon
  3299 | D:5      | HP: 1/32 [something (4)]
  3399 | D:5      | Reached skill level 4 in Dodging
  3399 | D:5      | Reached XP level 7. HP: 18/35 MP: 2/8
  4755 | D:6      | Gained mutation: You have razor-sharp teeth. [Vine Stalker growth]
  4755 | D:6      | Reached XP level 8. HP: 12/40 MP: 2/9
  4786 | D:6      | Slain by a sky beast

Vault maps used:
D:1:      dpeg_arrival_stone_temple_mockup, kennysheep_flooded_box,
          glass_columns_a
D:2:      nicolae_overflow_hidden_temple, okawaru_gym_becter, uniq_iyjb
D:3:      grunt_ministairs_6
D:4:      nicolae_overflow_crystal_walls, serial_shops,
          nicolae_shop_statue_plus, first_bread, st_stairs_14,
          kennysheep_diamond, hangedman_abyss_or_decor_stabs
D:5:      lemuel_old_faithful
D:6:      overflow_temple_1_default, temple_fountains, serial_glass,
          glass_columns_b, glass_columns_a, uniq_duvessa, uniq_menkaure

Action                   |  1- 3 |  4- 6 |  7- 9 || total
-------------------------+-------+-------+-------++-------
Melee: Flail             |    98 |   168 |   142 ||   408
Throw: Tomahawk          |       |    11 |     1 ||    12
       Throwing net      |       |     3 |       ||     3
 Stab: Sleeping          |     2 |     2 |       ||     4
       Held in net/web   |       |     1 |       ||     1
  Eat: Chunk             |       |     6 |     5 ||    11
       Pizza             |       |     1 |       ||     1
